 Dungeon Crawl Stone Soup version 0.17-a0-1393-gcb420ff (webtiles) character file.

2442 joy the Covert (level 9, -2/39 HPs)
             Began as a Spriggan Enchanter on June 16, 2015.
             Was a Follower of Dithmenos.
             Slain by a killer bee (7 damage)
             ... on level 7 of the Dungeon.
             The game lasted 00:20:09 (8230 turns).

joy the Covert (Spriggan Enchanter)                 Turns: 8230, Time: 00:20:09

Health: -2/39      AC:  5    Str:  4    XL:     9   Next: 25%
Magic:  7/21       EV: 19    Int: 16    God:    Dithmenos [*.....]
Gold:   358        SH:  0    Dex: 24    Spells: 3 memorised, 17 levels left

rFire  . . .     SeeInvis +     b - +0 rapier
rCold  + . .     Clarity  .     m - +0 robe (curse)
rNeg   . . .     SustAt   .     (shield restricted)
rPois  .         Gourm    .     (helmet restricted)
rElec  .         Spirit   .     z - +2 cloak
rCorr  .         Warding  .     (gloves unavailable)
rMut   .         Stasis   .     (boots unavailable)
MR     .....                    (no amulet)
Stlth  +++++++...               e - ring of Ahuqeis {rC+ MR- Dex+4 Slay+2}
                                h - ring of wizardry

@: lethally poisoned (-2 -> -3), hasted, wreathed by umbra, very quick, not
resistant to hostile enchantments, extremely stealthy
A: unfitting armour, see invisible, herbivore 3, speed 3, slow metabolism 2
a: Renounce Religion


You were on level 7 of the Dungeon.
You worshipped Dithmenos.
Dithmenos was aware of your devotion.
You were not hungry.

You visited 2 branches of the dungeon, and saw 8 of its levels.

You collected 358 gold pieces.

Inventory:

Hand weapons
 a - a +1 dagger of venom
 b - a +0 rapier (weapon)
 s - a +0 blowgun
Missiles
 p - 4 curare-tipped needles
 y - 11 poisoned needles
Armour
 j - a +1 robe
 m - a cursed +0 robe (worn)
 z - a +2 cloak (worn)
Jewellery
 e - the ring of Ahuqeis (right hand) {rC+ MR- Dex+4 Slay+2}
   (You found it on level 6 of the Dungeon)

   [ring of protection from cold]

   It affects your dexterity (+4).
   It affects your accuracy and damage with ranged weapons and melee attacks
   (+2).
   It protects you from cold.
   It affects your resistance to hostile enchantments.
 h - a ring of wizardry (left hand)
 w - an uncursed ring of poison resistance
Magical devices
 t - a wand of enslavement (8)
Scrolls
 g - 2 scrolls of fog
 i - 4 scrolls of remove curse {unknown}
 k - 2 scrolls of identify
 l - 4 scrolls of teleportation
 o - a scroll of amnesia {unknown}
 q - a scroll of noise
 A - a scroll of blinking {unknown}
 B - a scroll of enchant armour {unknown}
Potions
 d - 2 potions of flight {unknown}
 f - 2 potions of haste
 n - a potion of mutation {unknown}
 r - 4 potions of lignification {unknown}
 u - a potion of curing {unknown}
 v - a potion of cancellation {unknown}
Books
 c - a book of Maledictions

   Spells                             Type                      Level
   a - Corona                         Hexes                        1
   b - Ensorcelled Hibernation        Hexes/Ice                    2
   c - Confuse                        Hexes                        3
   d - Tukima's Dance                 Hexes                        3
   e - Dazzling Spray                 Conjuration/Hexes            3
Comestibles
 x - 2 bread rations


   Skills:
 - Level 6.8 Short Blades
 - Level 3.0 Dodging
 - Level 10.9 Stealth
 + Level 7.6 Spellcasting
 + Level 8.1 Hexes
 * Level 1.2 Ice Magic


You had 17 spell levels left.
You knew the following spells:

 Your Spells              Type           Power        Failure   Level  Hunger
a - Corona                Hex            ####...      1%          1    None
b - Ensorcelled Hibernat  Hex/Ice        ###...       1%          2    None
c - Confuse               Hex            ####....     1%          3    ##.....


Dungeon Overview and Level Annotations

Branches:
Dungeon (7/15)             Temple (1/1) D:4

Altars:
Cheibriados
Dithmenos
Gozag
Kikubaaqudgha
Nemelex Xobeh
Okawaru
Ru
Trog
Vehumet
Xom
Yredelemnul
Zin


Innate Abilities, Weirdness & Mutations

You are tiny and cannot use many weapons and most armour.
You have supernaturally acute eyesight.
You are a herbivore.
You cover ground extremely quickly.
You need consume almost no food.


Message History

Okay, then.
Casting: Ensorcelled Hibernation
Confirm with . or Enter, or press ? or * to list all spells.
Aiming: Ensorcelled Hibernation
Press: ? - help, Shift-Dir - straight line, f/p - killer bee
Aim: a killer bee (umbra, chance to defeat MR: 59%)
The killer bee looks drowsy...
You feel sick.
The helpless killer bee fails to defend itself.
You perforate the killer bee like a sieve!!!!
You kill the killer bee!
Dithmenos accepts your kill. The killer bee stings you!
* * * LOW HITPOINT WARNING * * *
The killer bee closely misses you.
Use which ability? (? or * to list)
Okay, then.
Unknown command.
Drink which item? (? for menu, Esc to quit)
You feel yourself speed up.
You feel sick. The killer bee stings you!
You die...

..###.....###....#...........####
....#.....#.....###..........# #
....##...##.....####......##.## #
.....#...###.....##........#..#
.....##.## ##.......###........##
###...#_# ##.....### #...##.....
.##...######.....## #..####.###
....>?.###........####.#..##..##
#####..#.......#@y..#..##......##
#...........####...##..##...#
#..####......# #..#....#..... .
#..# ..##....# #.###......... .
..... ## #...#.##g####.......#
###..... #..###...g##......#..
....... #..# ##......g..####.
......... ... #........## ##
####... #.######gg### #


You could see a killer bee.

Vanquished Creatures
  A hippogriff (D:7)
  A hungry ghost (D:7)
  3 ice beasts
  2 black bears (D:6)
  A phantom (D:4)
  4 ogres
  2 giant frogs (D:6)
  A big kobold (D:7)
  A scorpion (D:4)
  5 killer bees (D:7)
  A centaur zombie (D:5)
  2 crimson imps
  An orc priest (D:6)
  A giant frog zombie (D:5)
  2 hounds
  A centaur skeleton (D:6)
  3 orc wizards
  A giant frog skeleton (D:7)
  A gnoll shaman (D:5)
  4 worker ants
  A hound skeleton (D:6)
  A worker ant zombie (D:5)
  12 gnolls
  7 adders
  4 oozes
  2 worms (D:2)
  3 giant geckos
  13 orcs
  2 ball pythons (D:3)
  12 bats
  3 bat zombies (D:6)
  7 giant cockroaches
  3 goblins
  6 hobgoblins
  3 giant newts
  A jackal zombie (D:5)
  19 kobolds
  6 quokkas
  9 rats
152 creatures vanquished.

Vanquished Creatures (others)
  An adder (D:3)
  A hobgoblin (D:6)
2 creatures vanquished.

Grand Total: 154 creatures vanquished

Notes
Turn   | Place    | Note
--------------------------------------------------------------
     0 | D:1      | joy the Spriggan Enchanter began the quest for the Orb.
     0 | D:1      | Reached XP level 1. HP: 9/9 MP: 5/5
   194 | D:1      | Reached skill level 5 in Stealth
   194 | D:1      | Reached XP level 2. HP: 13/13 MP: 6/6
   554 | D:1      | Learned a level 2 spell: Ensorcelled Hibernation
   734 | D:1      | Found a basalt altar of Yredelemnul.
   882 | D:1      | Reached XP level 3. HP: 14/16 MP: 8/8
   960 | D:2      | Reached skill level 6 in Stealth
  1809 | D:3      | Noticed a giant frog
  1907 | D:3      | Reached XP level 4. HP: 15/21 MP: 9/9
  1984 | D:3      | Noticed an angel
  1985 | D:3      | Found a shimmering altar of Xom.
  1985 | D:3      | Found a glowing silver altar of Zin.
  2547 | D:3      | Reached skill level 7 in Stealth
  2547 | D:3      | Reached XP level 5. HP: 16/24 MP: 7/10
  2786 | D:3      | Learned a level 3 spell: Confuse
  3738 | D:4      | Found a sacrificial altar of Ru.
  3824 | D:4      | Noticed an ogre
  3826 | D:4      | Killed an ogre
  3826 | D:4      | Reached skill level 8 in Stealth
  3826 | D:4      | Reached XP level 6. HP: 28/28 MP: 11/11
  4091 | D:4      | Found a staircase to the Ecumenical Temple.
  4105 | Temple   | Entered the Ecumenical Temple
  4115 | Temple   | Became a worshipper of Dithmenos the Shadowed
  4300 | D:4      | Noticed a phantom
  4311 | D:4      | Killed a phantom
  4311 | D:4      | Reached skill level 5 in Short Blades
  4311 | D:4      | Reached skill level 9 in Stealth
  4387 | D:4      | Reached XP level 7. HP: 13/32 MP: 0/12
  5282 | D:5      | Entered Level 5 of the Dungeon
  5293 | D:5      | Reached skill level 10 in Stealth
  6336 | D:5      | Reached XP level 8. HP: 34/36 MP: 4/14
  6956 | D:6      | Reached skill level 5 in Spellcasting
  6962 | D:6      | Reached skill level 5 in Hexes
  7395 | D:6      | Got a steaming tin ring
  7415 | D:6      | Killed a giant frog
  7875 | D:7      | Reached XP level 9. HP: 39/39 MP: 21/21
  7893 | D:7      | Identified the ring of Ahuqeis {rC+ MR- Dex+4 Slay+2} (You found it on level 6 of the Dungeon)
  8124 | D:7      | Found a sparkling altar of Nemelex Xobeh.
  8132 | D:7      | Found a bloodstained altar of Trog.
  8136 | D:7      | Found a snail-covered altar of Cheibriados.
  8213 | D:7      | Reached skill level 1 in Ice Magic
  8230 | D:7      | Slain by a killer bee

Vault maps used:
D:1:      sevenhm_arrival_forest_fort_small_6
D:3:      grunt_temple_overflow_order_and_chaos_1
D:4:      lemuel_crystal_altar, temple_pool_a
D:5:      first_bread
D:6:      lemuel_flamethrower_2
D:7:      minmay_overflow_temple_star_quad, uniq_crazy_yiuf_cottage
Temple:   eino_temple_water_12

Action                   |  1- 3 |  4- 6 |  7- 9 || total
-------------------------+-------+-------+-------++-------
Melee: Dagger            |    62 |     1 |       ||    63
       Short sword       |    65 |   124 |   103 ||   292
       Rapier            |       |       |    80 ||    80
 Cast: Ensorcelled Hiber |     3 |    34 |    79 ||   116
       Confuse           |       |     3 |     3 ||     6
  Use: Scroll            |       |       |     7 ||     7
       Potion            |       |       |     1 ||     1
 Stab: Sleeping          |    16 |    21 |    52 ||    89
       Confused          |       |     2 |     3 ||     5
       Distracted        |       |     1 |     2 ||     3
  Eat: Bread ration      |       |     1 |     1 ||     2
